 Dungeon Crawl Stone Soup version 0.28-a0-909-g796cbd3a86 (webtiles) character file.

Game seed: 15011568179260190829

52 ders the Caller (level 3, 0/14 HPs)
             Began as a Felid Summoner on Nov 24, 2021.
             Killed by divine providence
             ... invoked by an orc priest
              (14 damage)
             ... on level 3 of the Dungeon.
             The game lasted 00:09:38 (3757 turns).

ders the Caller (Felid Summoner)                    Turns: 3757, Time: 00:09:39

Health: 0/14       AC:  1    Str:  5    XL:     3   Next: 60%
Magic:  1/8        EV: 22    Int: 22    God:
Gold:   33         SH:  0    Dex: 16    Spells: 0/7 levels left
                                        Lives:  0   Deaths: 1

rFire   . . .      SeeInvis +   (weapon unavailable)
rCold   . . .      Faith    .   (shield unavailable)
rNeg    . . .      Spirit   .   (armour unavailable)
rPois   .          Reflect  .   (helmet unavailable)
rElec   .          Harm     .   (cloak unavailable)
rCorr   .          Rampage  .   (gloves unavailable)
Will    +....      Rnd*Tele +   (boots unavailable)
Stlth   ++........              (no amulet)
HPRegen 0.04/turn               f - +4 ring of evasion
MPRegen 0.11/turn               i - +6 ring of intelligence

@: very slightly contaminated, quick
A: very small, claws 1, fangs 3, see invisible, speed 1, shaggy fur 1, stealthy
paws, no weapons or thrown items, no armour, multi-lived, strong-willed 1,
teleportitis 1, MP-powered wands
a: no special abilities


You were on level 3 of the Dungeon.
You visited 1 branch of the dungeon, and saw 3 of its levels.

You collected 33 gold pieces.

Inventory:

Missiles
 c - 10 poisoned darts
Jewellery
 f - a +4 ring of evasion (left paw)
 i - a +6 ring of intelligence (right paw)
Scrolls
 b - a scroll of teleportation
 e - a scroll of identify
Potions
 g - a potion of haste
 h - a potion of brilliance


   Skills:
 + Level 4.2 Dodging
 - Level 2.6 Stealth
 + Level 2.9 Spellcasting
 * Level 4.8 Summonings


You couldn't memorise any spells.
You knew the following spells:

 Your Spells              Type           Power      Damage    Failure   Level
a - Summon Small Mammal   Summ           96%        N/A       1%          1
b - Call Canine Familiar  Summ           24%        N/A       4%          3
c - Summon Guardian Gole  Hex/Summ       13%        N/A       14%         3

Your spell library contained the following spells:

 Spells                   Type           Power      Damage    Failure   Level
 Call Imp                 Summ           24%        N/A       2%          2
 Sublimation of Blood     Necr           3%         N/A       19%         2
 Wereblood                Tmut           3%         N/A       19%         2
 Summon Lightning Spire   Summ/Air       13%        N/A       43%         4
 Leda's Liquefaction      Hex/Erth       1%         N/A       77%         4
 Summon Hydra             Summ           12%        N/A       100%        7
 Portal Projectile        Hex/Tloc       Unusable   N/A       N/A         3

Dungeon Overview and Level Annotations

Branches:
Dungeon (3/15)

Altars:


Innate Abilities, Weirdness & Mutations

You have sharp claws.
You have razor-sharp teeth.
You have supernaturally acute eyesight. (SInv)
You cover ground quickly. (Speed+)
You are covered in fur. (AC +1)
Your paws help you pounce on unaware monsters.
You are incapable of wielding weapons or throwing items.
You cannot wear armour.
You gain extra lives every three experience levels.
You are strong-willed. (Will+)
You are occasionally teleported next to monsters.
You expend magic power (3 MP) to strengthen your wands.


Message History

Distant voices call out in your mind.
A nameless horror comes into view.
The kobold completely misses your quokka.
Your quokka bites the orc priest.
Casting: Call Canine Familiar (extremely dangerous; 4% risk of failure)
Confirm with . or Enter, or press ? or * to list all spells.
The spell is extremely dangerous to cast (4% risk of failure)!
Continue anyway?
The kobold closely misses your quokka.
The orc priest hits your quokka with a +1 trident of freezing.
The orc priest freezes your quokka.
Your quokka barely misses the orc priest.
The nameless horror misses your hound. The kobold barely misses your quokka.
Your quokka closely misses the kobold.
The orc priest hits your quokka with a +1 trident of freezing.
The orc priest freezes your quokka.
Your quokka dies!
Your quokka's corpse disappears in a puff of smoke!
Your hound bites the nameless horror but does no damage.
The nameless horror misses your hound.
Your hound bites the nameless horror.
Your rat misses the kobold.
Your hound bites the nameless horror but does no damage.
Send 'em back where they came from!
Your rat shudders.
Your hound shudders.
The kobold hits your rat with a +0 whip.
Your rat dies!
Your rat's corpse disappears in a puff of smoke!
Your hound bites the nameless horror but does no damage.
The nameless horror closely misses your hound.
You swap places.
The nameless horror closely misses your hound.
Your hound bites the nameless horror.
The nameless horror hits your hound.
Your hound bites the nameless horror but does no damage.
Your hound bites the nameless horror but does no damage.
The nameless horror closely misses your hound.
The kobold misses your hound.
Your hound completely misses the nameless horror.
The orc priest calls down the wrath of Beogh upon you.
Beogh smites you!
Ouch! That really hurt!
You die...

#.#.# ##### #.#.# ...## #..
....# ...# #.# #.### #†.# #.#
#.# #..# #.# #># #..# #.# #.#
.#########..## #.# #.#
.......oKh..@#####.###.######
..#..#####X..##.§...........<
... #.............###### .
#..###.##.##### #..##. ...#
#......#### ...... ######


You could see a nameless horror (ally target), an orc priest, a kobold and a
friendly hound (summoned).

Vanquished Creatures
  An endoplasm (D:1)
  A hobgoblin (D:2)
  A frilled lizard (D:2)
3 creatures vanquished.

Vanquished Creatures (collateral kills)
  Robin (D:2)
  3 adders (D:3)
  A white imp (D:3)
  7 ball pythons
  5 endoplasms
  2 giant cockroaches
  12 goblins
  3 hobgoblins
  7 bats
  3 frilled lizards
  5 kobolds
  6 rats
55 creatures vanquished.

Vanquished Creatures (others)
  A fungus (D:1)
1 creature vanquished.

Grand Total: 59 creatures vanquished

Notes
Turn   | Place    | Note
-------+----------+-------------------------------------------
     0 | D:1      | ders the Felid Summoner began the quest for the Orb.
     0 | D:1      | Reached XP level 1. HP: 7/7 MP: 4/4
   378 | D:1      | Found a faded altar of an unknown god.
   449 | D:1      | Reached XP level 2. HP: 11/11 MP: 3/6
  1780 | D:2      | Reached XP level 3. HP: 14/14 MP: 5/7
  1801 | D:2      | Learned a level 3 spell: Call Canine Familiar
  1937 | D:2      | Noticed Robin
  1950 | D:2      | Killed Robin
  2060 | D:2      | Learned a level 3 spell: Summon Guardian Golem
  2336 | D:2      | Noticed a nameless horror
  2921 | D:3      | Reached XP level 4. HP: 18/18 MP: 3/9
  3488 | D:3      | HP: 1/27 [poisoned by an adder]
  3490 | D:3      | Gained mutation: You expend magic power (3 MP) to
                  | strengthen your wands. [potion of mutation]
  3490 | D:3      | Gained mutation: You are occasionally teleported next to
                  | monsters. [potion of mutation]
  3490 | D:3      | Gained mutation: You are strong-willed. (Will+) [potion of
                  | mutation]
  3490 | D:3      | Succumbed to an adder's poison
  3491 | D:3      | Reached XP level 3. HP: -1/14 MP: 8/8
  3757 | D:3      | Killed from afar by an orc priest

Illustrated notes

Levels and vault maps discovered:
D:1:      matt_arrival_refuge, layout_basic, shapermc_ecumenical_altar_acropolis
D:2:      layout_loops_corners, serial_glass, glass_columns_a, glass_columns_b,
          glass_columns_c, glass_columns_a, glass_columns_c, glass_columns_c,
          glass_columns_b, glass_columns_a, glass_columns_a, glass_columns_c,
          uniq_robin
D:3:      layout_loops_ring, mainiacjoe_overflow_swirl, mrwooster_statue_mirror,
          chequers_serial_rivers_small_3, grunt_decor_resistance, uniq_ijyb

Skill      XL: |  1  2  3 |
---------------+----------+-----
Dodging        | 3 4 |  4.2
Stealth        | |  2.6
Spellcasting   | |  2.9
Summonings     | |  4.8

Action                   |  1- 3 |  4- 6 || total
-------------------------+-------+-------++-------
Melee: Unarmed           |    11 |       ||    11
       Bite              |     2 |       ||     2
 Cast: Summon Small Mamm |    76 |     6 ||    82
       Call Canine Famil |     8 |     2 ||    10
       Summon Guardian G |     1 |       ||     1
  Use: Scroll            |     4 |       ||     4
       Potion            |       |     3 ||     3
 Stab: Sleeping          |     1 |       ||     1
Armor: Skin              |     6 |       ||     6
Dodge: Dodged            |    53 |    14 ||    67

Table legend: (Time is in decaauts)
 A = Elapsed time spent in this place.
 B = Non-inter-level travel time spent in this place.
 C = Inter-level travel time spent in this place.
 D = Time resting spent in this place.
 E = Time spent auto-exploring this place.
 F = Levels seen in this place.
 G = Mean time per level.
                   A        B        C        D        E       F      G
               +--------+--------+--------+--------+--------+-----+--------+
         Total |   3368 |   3279 |     89 |   1069 |   1492 |   3 | 1122.7 |
       Dungeon |   3368 |   3279 |     89 |   1069 |   1492 |   3 | 1122.7 |
               +--------+--------+--------+--------+--------+-----+--------+

Top non-repeatable levels by time:
     D:1: 1393 daAuts
     D:2: 1164 daAuts
     D:3: 810 daAuts
